 Dungeon Crawl Stone Soup version 0.29-a0-330-g52719c12eb (webtiles) character file.

Game seed: 4535422445725209104

612 HoaS the Archer (level 7, -1/40 HPs)
             Began as a Gargoyle Hunter on May 17, 2022.
             Slain by Pikel
             ... wielding a +2 whip of freezing
              (4 damage)
             ... on level 4 of the Dungeon.
             The game lasted 00:11:30 (4653 turns).

HoaS the Archer (Gargoyle Hunter)                   Turns: 4653, Time: 00:11:31

Health: -1/40      AC: 15    Str: 15    XL:     7   Next: 44%
Magic:  7/7        EV:  9    Int:  9    God:
Gold:   96         SH:  0    Dex: 15    Spells: 6/6 levels left

rFire   . . .      SeeInvis .   a - +1 shortbow
rCold   . . .      Faith    .   (shield currently unavailable)
rNeg    + . .      Spirit   .   g - +0 scale mail
rPois   ∞          Reflect  .   (no helmet)
rElec   +          Harm     .   (no cloak)
rCorr   .          Rampage  .   (no gloves)
Will    .....                   (no boots)
Stlth   ..........              (no amulet)
HPRegen 0.13/turn               f - +4 ring of protection
MPRegen 0.10/turn               (no ring)

@: no status effects
A: sickness immunity, AC +4, negative energy resistance 1, electricity
resistance, torment resistance 1, petrification resistance
a: no special abilities


You were on level 4 of the Dungeon.
You visited 1 branch of the dungeon, and saw 4 of its levels.

You collected 96 gold pieces.

Inventory:

Hand Weapons
 a - a +1 shortbow (weapon)
Armour
 g - a +0 scale mail (worn)
 j - a +0 chain mail
 l - a +0 plate armour
Jewellery
 f - a +4 ring of protection (left hand)
Scrolls
 c - a scroll of immolation
Potions
 d - a potion of resistance
 h - a potion of berserk rage


   Skills:
 - Level 2.1 Fighting
 * Level 8.7 Bows
 - Level 1.5 Armour
 - Level 1.5 Dodging
 - Level 1.1 Stealth


You had 6 spell levels left.
You didn't know any spells.
Your spell library contained the following spells:

 Spells                   Type           Power      Damage    Failure   Level
 Foxfire                  Conj/Fire      0%         2x1d4     85%         1
 Freeze                   Ice            0%         1d3       85%         1
 Static Discharge         Conj/Air       0%         N/A       94%         2
 Conjure Flame            Conj/Fire      0%         6-21      99%         3
 Inner Flame              Hex/Fire       0%         N/A       99%         3
 Ozocubu's Armour         Ice            0%         N/A       99%         3
 Stone Arrow              Conj/Erth      0%         3d7       99%         3
 Animate Armour           Summ/Erth      0%         N/A       100%        4
 Flame Wave               Conj/Fire      0%         2d4       100%        4
 Silence                  Hex/Air        0%         N/A       100%        5
 Storm Form               Tmut/Air       0%         N/A       100%        7
 Lehudib's Crystal Spear  Conj/Erth      0%         10d2      100%        8


Dungeon Overview and Level Annotations

Branches:
Dungeon (4/15)             Temple (0/1) D:4

Altars:
Elyvilon
Fedhas
Okawaru
Zin

Shops:
D:3 :

Annotations:
D:4 Pikel


Innate Abilities, Weirdness & Mutations

You are immune to sickness and miasma.
Your stone body is resilient. (AC +4)
You are immune to poison.
You resist negative energy. (rN+)
You are resistant to electric shocks. (rElec)
You are resistant to unholy torment.
You are immune to petrification.


Message History

Press: ? - help, Q - select action Shift-Dir - straight line, f/p - Pikel
Aim: Pikel, wielding a +2 whip of freezing and wearing a +2 robe (heavily wounded, 59% to hit)
You shoot an arrow. The arrow hits Pikel.
Pikel is heavily wounded.
Pikel hits you with a +2 whip of freezing.
Pikel freezes you.
Shoot: a) +1 shortbow
Press: ? - help, Q - select action Shift-Dir - straight line, f/p - Pikel
Aim: Pikel, wielding a +2 whip of freezing and wearing a +2 robe (heavily wounded, 59% to hit)
You shoot an arrow. The arrow hits Pikel.
Pikel is severely wounded.
Pikel hits you with a +2 whip of freezing!
* * * LOW HITPOINT WARNING * * *
Pikel freezes you.
* * * LOW HITPOINT WARNING * * *
Pikel closely misses you.
Shoot: a) +1 shortbow
Press: ? - help, Q - select action Shift-Dir - straight line, f/p - Pikel
Aim: Pikel, wielding a +2 whip of freezing and wearing a +2 robe (severely wounded, 59% to hit)
You shoot an arrow. The arrow barely misses Pikel.
The arrow hits the lemure.
The lemure is heavily wounded.
Pikel says, "You'll feel the lick of my whip!"
Pikel hits you but does no damage.
Shoot: a) +1 shortbow
Press: ? - help, Q - select action Shift-Dir - straight line, f/p - Pikel
Aim: Pikel, wielding a +2 whip of freezing and wearing a +2 robe (severely wounded, 59% to hit)
You shoot an arrow.
The arrow hits Pikel but does no damage.
Pikel is severely wounded.
Pikel hits you but does no damage.
Shoot: a) +1 shortbow
Press: ? - help, Q - select action Shift-Dir - straight line, f/p - Pikel
Aim: Pikel, wielding a +2 whip of freezing and wearing a +2 robe (severely wounded, 59% to hit)
You shoot an arrow. The arrow barely misses Pikel.
The arrow hits the lemure.
The lemure is heavily wounded.
Pikel hits you but does no damage.
Pikel hits you with a +2 whip of freezing!
* * * LOW HITPOINT WARNING * * *
Pikel freezes you.
You die...

#..#####.###.#########....
##.## #.###.############.
### #..#
#..##.............. ..#
##.# ##.##############..
#.# #.#
##.>............... #.#
#.####)..##############.
#.#
#......55........######†
#.#
##....#K########.....(..
#.# #.##.#@# ######### #.#
#.##.#.# ..# #.##.#.# ###
#......# ####.### #.#
##############.#
...........[...#
################


You could see Pikel and 2 lemures.

Vanquished Creatures
  An orc warrior (D:4)
  A phantom (D:4)
  3 killer bees (D:4)
  A jelly (D:4)
  2 orc wizards
  2 hound skeletons (D:3)
  5 gnolls
  4 adders
  3 adder zombies (D:3)
  2 worms
  2 dart slugs
  10 orcs
  6 ball pythons
  6 bats
  5 endoplasms
  3 giant cockroaches
  13 goblins
  12 hobgoblins
  2 jackals (D:1)
  9 kobolds
  3 quokkas
  2 ball python zombies (D:3)
  2 frilled lizards
  A giant cockroach zombie (D:3)
  A jackal skeleton (D:3)
  A quokka skeleton (D:3)
  4 rats
106 creatures vanquished.

Vanquished Creatures (others)
  A withered plant (D:3)
1 creature vanquished.

Grand Total: 107 creatures vanquished

Notes
Turn   | Place    | Note
-------+----------+-------------------------------------------
     0 | D:1      | HoaS the Gargoyle Hunter began the quest for the Orb.
     0 | D:1      | Reached XP level 1. HP: 12/12 MP: 1/1
   153 | D:1      | Reached skill level 1 in Armour
   153 | D:1      | Reached XP level 2. HP: 17/17 MP: 2/2
   450 | D:1      | Found a faded altar of an unknown god.
   692 | D:2      | Found a glowing silver altar of Zin.
   795 | D:2      | Reached XP level 3. HP: 21/21 MP: 3/3
  1246 | D:2      | Reached skill level 5 in Bows
  1725 | D:3      | Reached XP level 4. HP: 26/26 MP: 4/4
  1730 | D:3      | Found a glowing silver altar of Zin.
  1951 | D:3      | Found a white marble altar of Elyvilon.
  2006 | D:3      | Reached skill level 6 in Bows
  2006 | D:3      | Reached XP level 5. HP: 19/30 MP: 5/5
  2431 | D:3      | Found an iron altar of Okawaru.
  2794 | D:3      | Found a faded altar of an unknown god.
  2854 | D:3      | Found Won Waik's Book Boutique.
  3354 | D:4      | Noticed an orc warrior
  3381 | D:4      | Killed an orc warrior
  3382 | D:4      | Reached skill level 7 in Bows
  3382 | D:4      | Reached XP level 6. HP: 22/35 MP: 6/6
  4012 | D:4      | Identified the +2 ring mail "Guidul" {rF+ Dex+2}
  4079 | D:4      | Found a blossoming altar of Fedhas.
  4101 | D:4      | Got the Compendium of the Glacial Birds
  4284 | D:4      | Found a staircase to the Ecumenical Temple.
  4339 | D:4      | Reached skill level 8 in Bows
  4339 | D:4      | Reached XP level 7. HP: 24/40 MP: 7/7
  4595 | D:4      | Noticed Pikel
  4653 | D:4      | Slain by Pikel

Illustrated notes

Levels and vault maps discovered:
D:1:      lemuel_arrival_tunnels, layout_basic, basic_ecumenical_altar,
          st_stairs_2
D:2:      layout_basic, basic_altar, dk_noncrumbling_3
D:3:      layout_basic, zin_academy, elyvilon_altar_1,
          nicolae_overflow_ecumenical_swirl, mainiacjoe_overflow_alcove_2,
          serial_shops, nicolae_shop_hallway_stairs, serial_undead,
          serial_undead_f, serial_undead_f, serial_undead_a, serial_undead_d,
          roderic_serpentine_path
D:4:      corexii_shantytown, layout_basic, mainiacjoe_overflow_catwalk,
          temple_doors_e, uniq_pikel

Skill      XL: |  1  2  3  4  5  6 |
---------------+-------------------+-----
Armour         | 1 |  1.5
Bows           | 5 6 7 8 |  8.7
Fighting       | |  2.1
Dodging        | |  1.5
Stealth        | |  1.1

Action                   |  1- 3 |  4- 6 |  7- 9 || total
-------------------------+-------+-------+-------++-------
 Fire: Shortbow          |   111 |   209 |    56 ||   376
Throw: Throwing net      |       |     1 |       ||     1
  Use: Scroll            |     4 |     5 |       ||     9
       Potion            |       |     3 |     1 ||     4
Armor: Scale mail        |    46 |    86 |    48 ||   180
Dodge: Dodged            |    41 |    83 |    26 ||   150

Table legend: (Time is in decaauts)
 A = Elapsed time spent in this place.
 B = Non-inter-level travel time spent in this place.
 C = Inter-level travel time spent in this place.
 D = Time resting spent in this place.
 E = Time spent auto-exploring this place.
 F = Levels seen in this place.
 G = Mean time per level.
                   A        B        C        D        E       F      G
               +--------+--------+--------+--------+--------+-----+--------+
         Total |   4780 |   4415 |    365 |    706 |   2836 |   4 | 1195.0 |
       Dungeon |   4780 |   4415 |    365 |    706 |   2836 |   4 | 1195.0 |
               +--------+--------+--------+--------+--------+-----+--------+

Top non-repeatable levels by time:
     D:3: 1663 daAuts
     D:4: 1456 daAuts
     D:2: 975 daAuts
     D:1: 684 daAuts
